Demolitions vs Mustangs
(R1)
Created - 7 mars 2017 at 20:23
Goals
|
| Demolitions |
1 |
1 |
2 |
4 |
| Mustangs |
3 |
2 |
1 |
6 |
|
Shots
|
| Demolitions |
10 |
10 |
8 |
28 |
| Mustangs |
11 |
11 |
9 |
31 |
|
1st period
1. Mustangs , Denis Bodrov 2 (Jerome Samson, Jim O'Brien) at 0:49
2. Mustangs , Eric Wellwood 25 (Riley Armstrong) at 8:36
3. Demolitions , Darren Helm 16 (Nikolai Zherdev) at 10:23
4. Mustangs , Riley Nash 11 (Joshua Leivo, Eric Wellwood) at 12:47
Penalties :
Nikolai Zherdev (Vic) for Hooking (Minor) at 3:51, Riley Armstrong (Ham) for Interference (Minor) at 15:58, Nicolas Blanchard (Vic) for Holding (Minor) at 19:03
2nd period
5. Mustangs , Francis Paré 1 (Riley Nash, J.T. Wyman) at 7:56
6. Demolitions , Darren Helm 17 (Brendon Nash, Nikolai Zherdev) at 11:46
7. Mustangs , Reilly Smith 27 (Cameron Gaunce, Riley Nash) at 14:28
Penalties :
J.T. Wyman (Ham) for Hooking (Minor) at 5:44, Joshua Leivo (Ham) for Slashing (Minor) at 17:37
3rd period
8. Mustangs , Reilly Smith 28 (Riley Armstrong, Eric Wellwood) at 3:34
9. Demolitions , Matt D'Agostini 24 (Doug Janik, Brendon Nash) at 7:05
10. Demolitions , Matt D'Agostini 25 (David Rundblad, Billy Sweat) at 10:25
Penalties :
No Penalty
Goalie Stats
Joe Cannata (Vic), 12 saves from 16 shots - (0,750), 27:56 minutes
Jussi Rynnas (Vic), 13 saves from 15 shots - (0,867), L, 1-5-1, 32:04 minutes
Peter Mannino (Ham), 24 saves from 28 shots - (0,857), W, 22-11-6, 60:00 minutes
Players Stats for Demolitions
Player Name G A P +/- PIM S H SB GA TA FO MP PP MP PK MP
------------------------------------------------------------------------------------
Alex Hutchings 0 0 0 -1 0 0 0 0 0 0 0/0 6:08 0:00 0:22
Andrew Campbell 0 0 0 -2 0 2 0 2 0 0 0/0 11:17 0:00 0:00
Billy Sweat 0 1 1 -1 0 0 0 0 0 1 1/1 13:18 0:10 0:00
Bobby Butler 0 0 0 1 0 2 2 0 0 1 3/4 22:35 3:23 2:30
Brendon Nash 0 2 2 1 0 0 0 3 0 1 0/0 28:37 3:51 2:26
Corban Knight 0 0 0 -1 0 2 0 0 1 0 2/6 14:03 0:00 1:12
Darren Helm 2 0 2 1 0 3 1 2 0 0 20/30 20:15 3:13 0:22
David Rundblad 0 1 1 -1 0 1 1 1 0 0 0/0 20:06 2:06 1:32
Doug Janik 0 1 1 1 0 2 4 1 0 0 0/0 24:43 3:51 2:26
Matt D'Agostini 2 0 2 -1 0 4 2 1 1 1 1/1 13:47 0:10 0:00
Nick Pryor 0 0 0 0 0 0 0 0 0 0 0/0 3:54 0:00 0:00
Nicolas Blanchard 0 0 0 -1 2 2 2 0 0 0 2/9 17:58 2:34 0:00
Nigel Dawes 0 0 0 -1 0 2 0 1 0 0 1/2 19:10 2:34 1:06
Nikolai Zherdev 0 2 2 0 2 3 5 0 2 0 1/4 24:45 3:13 1:18
Ryan Vesce 0 0 0 -1 0 4 1 1 2 1 0/0 19:07 2:34 1:06
Seth Helgeson 0 0 0 -1 0 1 2 1 0 0 0/0 20:06 2:06 1:32
Taylor Aronson 0 0 0 -2 0 0 1 0 0 0 0/0 11:17 0:00 0:00
Vince Rocco 0 0 0 -1 0 0 0 0 0 0 3/3 4:54 0:00 0:00
Players Stats for Mustangs
Player Name G A P +/- PIM S H SB GA TA FO MP PP MP PK MP
------------------------------------------------------------------------------------
Alexei Marchenko 0 0 0 -1 0 1 0 0 0 0 0/0 15:12 0:00 0:00
Brandon Saad 0 0 0 -1 0 1 1 0 1 0 1/1 13:54 0:00 0:26
Cameron Gaunce 0 1 1 1 0 2 2 1 0 1 0/0 27:50 2:22 3:08
Denis Bodrov 1 0 1 1 0 1 2 2 0 0 0/0 22:42 1:36 2:49
Eric Gryba 0 0 0 0 0 0 1 0 0 0 0/0 25:23 2:22 3:08
Eric Wellwood 1 2 3 3 0 1 4 0 0 0 0/2 21:34 2:13 3:13
Francis Paré 1 0 1 2 0 1 1 0 0 0 1/1 8:32 0:00 0:00
J.T. Wyman 0 1 1 -1 2 1 2 1 0 0 2/3 8:11 1:45 0:00
Jerome Samson 0 1 1 -1 0 2 1 0 0 0 0/0 13:52 0:00 0:00
Jim O'Brien 0 1 1 -1 0 4 0 2 1 0 3/7 14:17 0:00 1:39
Joshua Leivo 0 1 1 2 2 1 0 0 0 0 0/0 9:00 0:00 0:00
Marcus Foligno 0 0 0 -2 0 0 2 0 0 2 0/0 17:41 1:45 2:18
Mark Pysyk 0 0 0 2 0 1 0 0 0 1 0/0 11:54 1:36 1:48
Reilly Smith 2 0 2 3 0 6 3 0 0 0 0/1 20:03 2:13 0:00
Rick Schofield 0 0 0 -2 0 3 1 0 1 0 8/12 17:26 1:45 2:11
Riley Armstrong 0 2 2 2 2 4 3 0 1 2 11/33 23:18 2:13 2:00
Riley Nash 1 2 3 2 0 2 0 0 1 0 0/0 8:03 0:00 0:07
Scott Mayfield 0 0 0 1 0 0 2 0 0 0 0/0 15:08 0:00 1:01
3 Stars
1 - Eric Wellwood (Ham)
2 - Reilly Smith (Ham)
3 - Riley Nash (Ham)
Power Play
Demolitions - 0 on 3 Attempt(s) - 0,00%
Mustangs - 0 on 2 Attempt(s) - 0,00%
Penalty Kill
Demolitions - 2 on 2 Attempt(s) - 100,00%
- Score 0 goal in Penalty Kill
Mustangs - 3 on 3 Attempt(s) - 100,00%
- Score 0 goal in Penalty Kill
Team Stat
Demolitions - Hits : 21 - Faceoff Wins : 34 - Blocked Shots : 13 - Penalty Minutes : 4
Mustangs - Hits : 25 - Faceoff Wins : 26 - Blocked Shots : 6 - Penalty Minutes : 6
Official
Referees : Kimmerly Greg and Sutherland Kelly
Linesman : Pierre Champoux and Vaughan Rody
Game Notes
Jussi Rynnas enters game at 7:56 of 2nd period
Mark Pysyk is injured at 11:16 of 2nd period (Sore Right Knee)
J.T. Wyman is injured at 13:17 of 2nd period (Right Wrist)
Finance
Level 1 -- Attendance: 1456 (72,80%) -- Ticket Income 58 240 $
Level 2 -- Attendance: 771 (77,10%) -- Ticket Income 15 420 $
Total Attendance: 2227 (74,23%)
Total Ticket Income: 73 660 $
Other Income: 3 683 $
Total Income: 77 343 $
Demolitions
5 vs 5 Forward
Center Left Wing Right Wing Time % Phy DF OF
1 Darren Helm Bobby Butler Nikolai Zherdev 40 1 2 2
2 Nicolas Blanchard Nigel Dawes Ryan Vesce 30 1 2 2
3 Corban Knight Billy Sweat Matt D'Agostini 20 1 2 2
4 Vince Rocco Alex Hutchings Nikolai Zherdev 10 1 2 2
5 vs 5 Defense
Defense Defense Time % Phy DF OF
1 Brendon Nash Doug Janik 40 1 2 2
2 Seth Helgeson David Rundblad 30 1 2 2
3 Andrew Campbell Taylor Aronson 20 1 2 2
4 Nick Pryor Brendon Nash 10 1 2 2
PowerPlay Forward
Center Left Wing Right Wing Time % Phy DF OF
1 Darren Helm Bobby Butler Nikolai Zherdev 60 1 2 2
2 Nicolas Blanchard Nigel Dawes Ryan Vesce 40 1 2 2
PowerPlay Defense
Defense Defense Time % Phy DF OF
1 Brendon Nash Doug Janik 60 1 2 2
2 Seth Helgeson David Rundblad 40 1 2 2
Penalty Kill 4 Players Forward
Center Wing Time % Phy DF OF
1 Nikolai Zherdev Bobby Butler 60 1 2 2
2 Nigel Dawes Ryan Vesce 40 1 2 2
Penalty Kill 4 Players Defense
Defense Defense Time % Phy DF OF
1 Brendon Nash Doug Janik 60 1 2 2
2 Seth Helgeson David Rundblad 40 1 2 2
Penalty Kill - 3 Players Forward
Forward Time % Phy DF OF
1 Nikolai Zherdev 60 1 2 2
2 Bobby Butler 40 1 2 2
Penalty Kill - 3 Players Defense
Defense Defense Time % Phy DF OF
1 Brendon Nash Doug Janik 60 1 2 2
2 Seth Helgeson David Rundblad 40 1 2 2
4 vs 4 Forward
Center Wing Time % Phy DF OF
1 Nikolai Zherdev Bobby Butler 60 1 2 2
2 Nigel Dawes Ryan Vesce 40 1 2 2
4 vs 4 Defense
Defense Defense Time % Phy DF OF
1 Brendon Nash Doug Janik 60 1 2 2
2 Seth Helgeson David Rundblad 40 1 2 2
Last Minutes Offensive
Center Left Wing Right Wing Defense Defense
Darren Helm Bobby Butler Nikolai Zherdev Brendon Nash Doug Janik
Last Minutes Defensive
Center Left Wing Right Wing Defense Defense
Darren Helm Bobby Butler Nikolai Zherdev Brendon Nash Doug Janik
Goaltenders
Starting : Joe Cannata
Backup : Jussi Rynnas
Extra Forwards
Normal : Matt D'Agostini, Billy Sweat, Corban Knight - PP : Matt D'Agostini, Billy Sweat - PK : Corban Knight
Extra Defensemen
Normal : Andrew Campbell, Taylor Aronson, Nick Pryor - PP : Andrew Campbell - PK : Taylor Aronson, Nick Pryor
Penalty Shots
Nikolai Zherdev, Bobby Butler, Nigel Dawes, Ryan Vesce, Darren Helm
Mustangs
5 vs 5 Forward
Center Left Wing Right Wing Time % Phy DF OF
1 Riley Armstrong Eric Wellwood Reilly Smith 40 0 2 3
2 Rick Schofield Marcus Foligno J.T. Wyman 30 0 2 3
3 Jim O'Brien Brandon Saad Jerome Samson 20 0 2 3
4 Riley Nash Joshua Leivo Francis Paré 10 0 2 3
5 vs 5 Defense
Defense Defense Time % Phy DF OF
1 Cameron Gaunce Eric Gryba 45 1 2 2
2 Denis Bodrov Mark Pysyk 33 1 2 2
3 Alexei Marchenko Scott Mayfield 22 1 2 2
4 Alexei Marchenko Scott Mayfield 0 1 2 2
PowerPlay Forward
Center Left Wing Right Wing Time % Phy DF OF
1 Riley Armstrong Eric Wellwood Reilly Smith 60 0 0 5
2 Rick Schofield Marcus Foligno J.T. Wyman 40 0 0 5
PowerPlay Defense
Defense Defense Time % Phy DF OF
1 Cameron Gaunce Eric Gryba 60 0 1 4
2 Denis Bodrov Mark Pysyk 40 0 1 4
Penalty Kill 4 Players Forward
Center Wing Time % Phy DF OF
1 Riley Armstrong Eric Wellwood 60 0 5 0
2 Rick Schofield J.T. Wyman 40 0 5 0
Penalty Kill 4 Players Defense
Defense Defense Time % Phy DF OF
1 Cameron Gaunce Eric Gryba 60 1 4 0
2 Denis Bodrov Mark Pysyk 40 1 4 0
Penalty Kill - 3 Players Forward
Forward Time % Phy DF OF
1 Eric Wellwood 60 0 5 0
2 Riley Armstrong 40 0 5 0
Penalty Kill - 3 Players Defense
Defense Defense Time % Phy DF OF
1 Cameron Gaunce Eric Gryba 60 1 4 0
2 Denis Bodrov Mark Pysyk 40 1 4 0
4 vs 4 Forward
Center Wing Time % Phy DF OF
1 Riley Armstrong Reilly Smith 60 0 1 4
2 Rick Schofield J.T. Wyman 40 0 1 4
4 vs 4 Defense
Defense Defense Time % Phy DF OF
1 Cameron Gaunce Eric Gryba 60 0 2 3
2 Denis Bodrov Mark Pysyk 40 0 2 3
Last Minutes Offensive
Center Left Wing Right Wing Defense Defense
Riley Armstrong Eric Wellwood Reilly Smith Cameron Gaunce Denis Bodrov
Last Minutes Defensive
Center Left Wing Right Wing Defense Defense
Rick Schofield Eric Wellwood J.T. Wyman Cameron Gaunce Denis Bodrov
Goaltenders
Starting : Peter Mannino
Backup : Chet Pickard
Extra Forwards
Normal : Riley Armstrong, Marcus Foligno, J.T. Wyman - PP : Brandon Saad, Eric Wellwood - PK : Eric Wellwood
Extra Defensemen
Normal : Cameron Gaunce, Alexei Marchenko, Scott Mayfield - PP : Alexei Marchenko - PK : Eric Gryba, Mark Pysyk
Penalty Shots
Brandon Saad, Reilly Smith, Marcus Foligno, Eric Wellwood, J.T. Wyman
% Time on Ice - Demolitions
Lines # - Real PCT - Wanted PCT - Time Play
Normal Forward
1 - 34% - 40% - 17:06
2 - 33% - 30% - 16:30
3 - 23% - 20% - 11:35
4 - 10% - 10% - 4:54
Normal Defense
1 - 37% - 40% - 18:26
2 - 33% - 30% - 16:28
3 - 23% - 20% - 11:17
4 - 8% - 10% - 3:54
PP Forward
1 - 57% - 60% - 3:23
2 - 43% - 40% - 2:34
PP Defense
1 - 65% - 60% - 3:51
2 - 35% - 40% - 2:06
PK Forward
1 - 72% - 60% - 2:52
2 - 28% - 40% - 1:06
PK Defense
1 - 61% - 60% - 2:26
2 - 39% - 40% - 1:32
PK3 Forward
1 - 0% - 60%
2 - 0% - 40%
PK3 Defense
1 - 0% - 60%
2 - 0% - 40%
44 Forward
1 - 0% - 60%
2 - 0% - 40%
44 Defense
1 - 0% - 60%
2 - 0% - 40%
Last Minute Offensive - 0:00
Last Minute Defensive - 0:00
Total
Forward - 60:00
Defense - 60:00
|
% Time on Ice - Mustangs
Lines # - Real PCT - Wanted PCT - Time Play
Normal Forward
1 - 32% - 40% - 15:53
2 - 30% - 30% - 15:05
3 - 23% - 20% - 11:20
4 - 16% - 10% - 7:47
Normal Defense
1 - 40% - 45% - 19:53
2 - 38% - 33% - 19:13
3 - 21% - 22% - 10:28
4 - 1% - 0% - 0:31
PP Forward
1 - 56% - 60% - 2:13
2 - 44% - 40% - 1:45
PP Defense
1 - 60% - 60% - 2:22
2 - 40% - 40% - 1:36
PK Forward
1 - 75% - 60% - 4:29
2 - 25% - 40% - 1:28
PK Defense
1 - 53% - 60% - 3:08
2 - 47% - 40% - 2:49
PK3 Forward
1 - 0% - 60%
2 - 0% - 40%
PK3 Defense
1 - 0% - 60%
2 - 0% - 40%
44 Forward
1 - 0% - 60%
2 - 0% - 40%
44 Defense
1 - 0% - 60%
2 - 0% - 40%
Last Minute Offensive - 0:00
Last Minute Defensive - 0:00
Total
Forward - 60:00
Defense - 60:00
|
Play by Play
1st period
0:01 of 1st period - Darren Helm wins face-off versus Riley Armstrong in neutral zone.
0:11 of 1st period - Off-side.
0:12 of 1st period - Nicolas Blanchard wins face-off versus Rick Schofield in neutral zone.
0:47 of 1st period - Snap shot by Jerome Samson.
0:47 of 1st period - Shot Misses the Net.
0:49 of 1st period - Slapshot by Denis Bodrov.
0:49 of 1st period - Goal by Denis Bodrov - Demolitions : 0 - Mustangs : 1.
0:50 of 1st period - Darren Helm wins face-off versus Eric Wellwood in neutral zone.
0:52 of 1st period - Off-side.
0:53 of 1st period - Darren Helm wins face-off versus Riley Armstrong in neutral zone.
0:56 of 1st period - Wrist shot by Nikolai Zherdev.
0:56 of 1st period - Stopped by Peter Mannino without a rebound.
0:57 of 1st period - Darren Helm wins face-off versus Riley Armstrong in Mustangs zone.
1:26 of 1st period - Wrist shot by Nigel Dawes.
1:26 of 1st period - Shot Misses the Net.
1:28 of 1st period - Slapshot by Doug Janik.
1:28 of 1st period - Deflect By Francis Paré.
1:28 of 1st period - Stopped by Peter Mannino with a rebound.
1:52 of 1st period - Snap shot by Matt D'Agostini.
1:52 of 1st period - Stopped by Peter Mannino with a rebound.
1:59 of 1st period - Icing by Scott Mayfield.
2:00 of 1st period - Vince Rocco wins face-off versus J.T. Wyman in Mustangs zone.
2:27 of 1st period - Slapshot by Riley Armstrong.
2:27 of 1st period - Stopped by Joe Cannata with a rebound.
2:29 of 1st period - Slapshot by Alexei Marchenko.
2:29 of 1st period - Shot Blocked by David Rundblad.
2:31 of 1st period - Backhand shot by Alexei Marchenko.
2:31 of 1st period - Shot Misses the Net.
3:02 of 1st period - Icing by Eric Gryba.
3:03 of 1st period - Brandon Saad wins face-off versus Darren Helm in Mustangs zone.
3:11 of 1st period - Off-side.
3:12 of 1st period - Darren Helm wins face-off versus Riley Armstrong in neutral zone.
3:23 of 1st period - Snap shot by Reilly Smith.
3:23 of 1st period - Shot Misses the Net.
3:25 of 1st period - Slapshot by Eric Gryba.
3:25 of 1st period - Deflect By Reilly Smith.
3:25 of 1st period - Shot Blocked by Darren Helm.
3:25 of 1st period - Puck is out of play.
3:26 of 1st period - Vince Rocco wins face-off versus Riley Armstrong in Demolitions zone.
3:51 of 1st period - Minor Penalty to Nikolai Zherdev for Hooking.
3:52 of 1st period - Riley Armstrong wins face-off versus Corban Knight in Demolitions zone.
3:53 of 1st period - Snap shot by Reilly Smith.
3:53 of 1st period - Stopped by Joe Cannata without a rebound.
3:54 of 1st period - Riley Armstrong wins face-off versus Corban Knight in Demolitions zone.
5:01 of 1st period - Wrist shot by Darren Helm.
5:01 of 1st period - Shot Misses the Net.
5:21 of 1st period - Snap shot by Darren Helm.
5:21 of 1st period - Shot Blocked by J.T. Wyman.
5:23 of 1st period - Snap shot by Nigel Dawes.
5:23 of 1st period - Stopped by Peter Mannino without a rebound.
5:24 of 1st period - Rick Schofield wins face-off versus Nigel Dawes in Mustangs zone.
5:51 of 1st period - Penalty to Nikolai Zherdev is over, Nikolai Zherdev is back on ice.
5:59 of 1st period - Snap shot by Jim O'Brien.
5:59 of 1st period - Shot Misses the Net.
6:01 of 1st period - Slapshot by Denis Bodrov.
6:01 of 1st period - Shot Blocked by Ryan Vesce.
6:26 of 1st period - Wrist shot by Riley Nash.
6:26 of 1st period - Stopped by Joe Cannata without a rebound.
6:27 of 1st period - Darren Helm wins face-off versus Riley Armstrong in Demolitions zone.
6:32 of 1st period - Backhand shot by Bobby Butler.
6:32 of 1st period - Shot Blocked by Cameron Gaunce.
6:57 of 1st period - Wrist shot by Rick Schofield.
6:57 of 1st period - Stopped by Joe Cannata without a rebound.
6:58 of 1st period - Rick Schofield wins face-off versus Nicolas Blanchard in Demolitions zone.
8:06 of 1st period - Eric Wellwood is hit by Nikolai Zherdev and loses puck.
8:31 of 1st period - Nigel Dawes is hit by Eric Wellwood and loses puck.
8:36 of 1st period - Wrist shot by Eric Wellwood.
8:36 of 1st period - Goal by Eric Wellwood - Demolitions : 0 - Mustangs : 2.
8:37 of 1st period - Rick Schofield wins face-off versus Nikolai Zherdev in neutral zone.
8:50 of 1st period - Icing by Bobby Butler.
8:51 of 1st period - Darren Helm wins face-off versus Riley Armstrong in Demolitions zone.
9:08 of 1st period - Snap shot by Bobby Butler.
9:08 of 1st period - Shot Misses the Net.
9:10 of 1st period - Slapshot by Bobby Butler.
9:10 of 1st period - Deflect By Nikolai Zherdev.
9:10 of 1st period - Shot Misses the Net.
9:10 of 1st period - Puck is out of play.
9:11 of 1st period - J.T. Wyman wins face-off versus Nicolas Blanchard in Mustangs zone.
9:11 of 1st period - J.T. Wyman is hit by Nicolas Blanchard.
9:37 of 1st period - Nikolai Zherdev is hit by Riley Armstrong and loses puck.
9:46 of 1st period - Wrist shot by Reilly Smith.
9:46 of 1st period - Stopped by Joe Cannata without a rebound.
9:47 of 1st period - Jim O'Brien wins face-off versus Corban Knight in Demolitions zone.
9:52 of 1st period - Slapshot by Denis Bodrov.
9:52 of 1st period - Deflect By Jim O'Brien.
9:52 of 1st period - Stopped by Joe Cannata without a rebound.
9:53 of 1st period - Matt D'Agostini wins face-off versus Jim O'Brien in Demolitions zone.
10:23 of 1st period - Snap shot by Darren Helm.
10:23 of 1st period - Goal by Darren Helm - Demolitions : 1 - Mustangs : 2.
10:24 of 1st period - Darren Helm wins face-off versus Riley Armstrong in neutral zone.
10:56 of 1st period - Wrist shot by Nigel Dawes.
10:56 of 1st period - Stopped by Peter Mannino with a rebound.
11:12 of 1st period - Slapshot by Cameron Gaunce.
11:12 of 1st period - Shot Blocked by Matt D'Agostini.
11:14 of 1st period - Slapshot by Eric Gryba.
11:14 of 1st period - Shot Blocked by Andrew Campbell.
11:16 of 1st period - Slapshot by Cameron Gaunce.
11:16 of 1st period - Shot Blocked by Andrew Campbell.
11:34 of 1st period - Slapshot by Andrew Campbell.
11:34 of 1st period - Shot Misses the Net.
11:40 of 1st period - Slapshot by Cameron Gaunce.
11:40 of 1st period - Stopped by Joe Cannata with a rebound.
11:42 of 1st period - Slapshot by Cameron Gaunce.
11:42 of 1st period - Shot Misses the Net.
12:12 of 1st period - Snap shot by Ryan Vesce.
12:12 of 1st period - Shot Hit the Post.
12:26 of 1st period - Brendon Nash is hit by Brandon Saad and loses puck.
12:47 of 1st period - Slapshot by Riley Nash.
12:47 of 1st period - Goal by Riley Nash - Demolitions : 1 - Mustangs : 3.
12:48 of 1st period - Darren Helm wins face-off versus Riley Armstrong in neutral zone.
12:51 of 1st period - Snap shot by Darren Helm.
12:51 of 1st period - Stopped by Peter Mannino without a rebound.
12:52 of 1st period - Riley Armstrong wins face-off versus Darren Helm in Mustangs zone.
14:03 of 1st period - Slapshot by Riley Nash.
14:03 of 1st period - Shot Misses the Net.
14:09 of 1st period - Snap shot by Nikolai Zherdev.
14:09 of 1st period - Stopped by Peter Mannino without a rebound.
14:10 of 1st period - Riley Armstrong wins face-off versus Nicolas Blanchard in Mustangs zone.
15:02 of 1st period - Snap shot by Corban Knight.
15:02 of 1st period - Stopped by Peter Mannino with a rebound.
15:04 of 1st period - Wrist shot by Matt D'Agostini.
15:04 of 1st period - Stopped by Peter Mannino with a rebound.
15:26 of 1st period - Wrist shot by Riley Nash.
15:26 of 1st period - Shot Misses the Net.
15:52 of 1st period - Snap shot by Ryan Vesce.
15:52 of 1st period - Shot Blocked by Denis Bodrov.
15:58 of 1st period - Minor Penalty to Riley Armstrong for Interference.
15:59 of 1st period - Nikolai Zherdev wins face-off versus Jim O'Brien in Mustangs zone.
16:09 of 1st period - Slapshot by Nikolai Zherdev.
16:09 of 1st period - Deflect By Bobby Butler.
16:09 of 1st period - Shot Misses the Net.
16:09 of 1st period - Puck is out of play.
16:10 of 1st period - Jim O'Brien wins face-off versus Darren Helm in Mustangs zone.
17:58 of 1st period - Penalty to Riley Armstrong is over, Riley Armstrong is back on ice.
18:34 of 1st period - Wrist shot by J.T. Wyman.
18:34 of 1st period - Stopped by Joe Cannata with a rebound.
19:03 of 1st period - Minor Penalty to Nicolas Blanchard for Holding.
19:04 of 1st period - Bobby Butler wins face-off versus Riley Armstrong in Demolitions zone.
Goals for this period are 1 for Demolitions vs 3 for Mustangs.
Shots for this period are 10 for Demolitions vs 11 for Mustangs.
2nd period
0:01 of 2nd period - Riley Armstrong wins face-off versus Nikolai Zherdev in neutral zone.
0:04 of 2nd period - Nikolai Zherdev is hit by Eric Wellwood and loses puck.
0:55 of 2nd period - Snap shot by Nigel Dawes.
0:55 of 2nd period - Shot Misses the Net.
0:57 of 2nd period - Slapshot by Seth Helgeson.
0:57 of 2nd period - Stopped by Peter Mannino without a rebound.
0:58 of 2nd period - J.T. Wyman wins face-off versus Nikolai Zherdev in Mustangs zone.
1:03 of 2nd period - Penalty to Nicolas Blanchard is over, Nicolas Blanchard is back on ice.
1:18 of 2nd period - Off-side.
1:19 of 2nd period - Darren Helm wins face-off versus Riley Armstrong in neutral zone.
1:46 of 2nd period - David Rundblad is hit by J.T. Wyman and loses puck.
2:16 of 2nd period - Slapshot by Jerome Samson.
2:16 of 2nd period - Stopped by Joe Cannata with a rebound.
2:52 of 2nd period - Slapshot by Riley Armstrong.
2:52 of 2nd period - Deflect By Reilly Smith.
2:52 of 2nd period - Shot Misses the Net.
2:52 of 2nd period - Puck is out of play.
2:53 of 2nd period - Riley Armstrong wins face-off versus Darren Helm in Demolitions zone.
3:16 of 2nd period - Brendon Nash is hit by J.T. Wyman and loses puck.
3:56 of 2nd period - Alexei Marchenko is hit by Nikolai Zherdev.
4:00 of 2nd period - Slapshot by Brandon Saad.
4:00 of 2nd period - Deflect By Jim O'Brien.
4:00 of 2nd period - Stopped by Joe Cannata without a rebound.
4:01 of 2nd period - Vince Rocco wins face-off versus Riley Armstrong in Demolitions zone.
4:01 of 2nd period - Vince Rocco is hit by Eric Wellwood.
4:21 of 2nd period - Slapshot by Nikolai Zherdev.
4:21 of 2nd period - Shot Misses the Net.
4:23 of 2nd period - Wrist shot by Andrew Campbell.
4:23 of 2nd period - Deflect By Marcus Foligno.
4:23 of 2nd period - Stopped by Peter Mannino with a rebound.
4:25 of 2nd period - Slapshot by Doug Janik.
4:25 of 2nd period - Stopped by Peter Mannino with a rebound.
4:35 of 2nd period - Snap shot by J.T. Wyman.
4:35 of 2nd period - Deflect By Rick Schofield.
4:35 of 2nd period - Stopped by Joe Cannata with a rebound.
5:22 of 2nd period - Snap shot by Reilly Smith.
5:22 of 2nd period - Stopped by Joe Cannata without a rebound.
5:23 of 2nd period - Nicolas Blanchard wins face-off versus Rick Schofield in Demolitions zone.
5:23 of 2nd period - Nigel Dawes is hit by Marcus Foligno and loses puck.
5:38 of 2nd period - Snap shot by Ryan Vesce.
5:38 of 2nd period - Stopped by Peter Mannino with a rebound.
5:44 of 2nd period - Minor Penalty to J.T. Wyman for Hooking.
5:45 of 2nd period - Darren Helm wins face-off versus Riley Armstrong in Mustangs zone.
7:17 of 2nd period - Mark Pysyk is hit by Nikolai Zherdev and loses puck.
7:44 of 2nd period - Penalty to J.T. Wyman is over, J.T. Wyman is back on ice.
7:56 of 2nd period - Snap shot by Francis Paré.
7:56 of 2nd period - Goal by Francis Paré - Demolitions : 1 - Mustangs : 4.
7:56 of 2nd period - Jussi Rynnas enters game.
7:57 of 2nd period - Rick Schofield wins face-off versus Nicolas Blanchard in neutral zone.
8:00 of 2nd period - Snap shot by Rick Schofield.
8:00 of 2nd period - Stopped by Jussi Rynnas with a rebound.
8:02 of 2nd period - Wrist shot by J.T. Wyman.
8:02 of 2nd period - Shot Misses the Net.
8:04 of 2nd period - Wrist shot by Rick Schofield.
8:04 of 2nd period - Shot Misses the Net.
8:06 of 2nd period - Slapshot by Marcus Foligno.
8:06 of 2nd period - Shot Blocked by Doug Janik.
8:48 of 2nd period - Billy Sweat is hit by Scott Mayfield and loses puck.
8:55 of 2nd period - Snap shot by Brandon Saad.
8:55 of 2nd period - Stopped by Jussi Rynnas with a rebound.
9:01 of 2nd period - Wrist shot by Jerome Samson.
9:01 of 2nd period - Stopped by Jussi Rynnas with a rebound.
9:14 of 2nd period - Icing by David Rundblad.
9:15 of 2nd period - Francis Paré wins face-off versus Corban Knight in Demolitions zone.
9:26 of 2nd period - Snap shot by Riley Nash.
9:26 of 2nd period - Shot Misses the Net.
10:22 of 2nd period - Wrist shot by Jim O'Brien.
10:22 of 2nd period - Shot Blocked by Brendon Nash.
10:24 of 2nd period - Slapshot by Mark Pysyk.
10:24 of 2nd period - Stopped by Jussi Rynnas without a rebound.
10:25 of 2nd period - Jim O'Brien wins face-off versus Darren Helm in Demolitions zone.
10:50 of 2nd period - Riley Armstrong is hit by Taylor Aronson and loses puck.
10:55 of 2nd period - Snap shot by Doug Janik.
10:55 of 2nd period - Shot Hit the Post.
11:03 of 2nd period - Snap shot by Matt D'Agostini.
11:03 of 2nd period - Shot Misses the Net.
11:15 of 2nd period - Mark Pysyk is hit by Ryan Vesce and loses puck.
11:16 of 2nd period - Mark Pysyk from Mustangs is injured at 11:16 of 2nd period (Sore Right Knee).
11:17 of 2nd period - Darren Helm wins face-off versus Riley Armstrong in Mustangs zone.
11:32 of 2nd period - Doug Janik is hit by Reilly Smith.
11:46 of 2nd period - Wrist shot by Brendon Nash.
11:46 of 2nd period - Deflect By Darren Helm.
11:46 of 2nd period - Goal by Darren Helm - Demolitions : 2 - Mustangs : 4.
11:47 of 2nd period - Darren Helm wins face-off versus Reilly Smith in neutral zone.
12:28 of 2nd period - Snap shot by Nikolai Zherdev.
12:28 of 2nd period - Shot Misses the Net.
12:43 of 2nd period - Slapshot by Bobby Butler.
12:43 of 2nd period - Shot Blocked by Jim O'Brien.
12:45 of 2nd period - Snap shot by Bobby Butler.
12:45 of 2nd period - Stopped by Peter Mannino with a rebound.
12:47 of 2nd period - Snap shot by Bobby Butler.
12:47 of 2nd period - Shot Misses the Net.
12:49 of 2nd period - Snap shot by Bobby Butler.
12:49 of 2nd period - Stopped by Peter Mannino without a rebound.
12:50 of 2nd period - Riley Armstrong wins face-off versus Nicolas Blanchard in Mustangs zone.
12:50 of 2nd period - Riley Armstrong is hit by Nicolas Blanchard.
12:56 of 2nd period - Nicolas Blanchard is hit by Eric Wellwood.
13:06 of 2nd period - Slapshot by Cameron Gaunce.
13:06 of 2nd period - Shot Blocked by Seth Helgeson.
13:16 of 2nd period - J.T. Wyman is hit by Seth Helgeson and loses puck.
13:17 of 2nd period - J.T. Wyman from Mustangs is injured at 13:17 of 2nd period (Right Wrist).
13:18 of 2nd period - Rick Schofield wins face-off versus Darren Helm in Mustangs zone.
13:18 of 2nd period - Rick Schofield is hit by Bobby Butler.
13:23 of 2nd period - Eric Gryba is hit by Doug Janik and loses puck.
13:48 of 2nd period - Wrist shot by Ryan Vesce.
13:48 of 2nd period - Shot Hit the Post.
13:50 of 2nd period - Snap shot by Ryan Vesce.
13:50 of 2nd period - Shot Misses the Net.
13:52 of 2nd period - Snap shot by Ryan Vesce.
13:52 of 2nd period - Stopped by Peter Mannino with a rebound.
13:54 of 2nd period - Slapshot by Brendon Nash.
13:54 of 2nd period - Deflect By Nicolas Blanchard.
13:54 of 2nd period - Stopped by Peter Mannino with a rebound.
14:15 of 2nd period - Eric Gryba is hit by Matt D'Agostini and loses puck.
14:26 of 2nd period - Slapshot by Cameron Gaunce.
14:26 of 2nd period - Shot Misses the Net.
14:28 of 2nd period - Wrist shot by Reilly Smith.
14:28 of 2nd period - Goal by Reilly Smith - Demolitions : 2 - Mustangs : 5.
14:29 of 2nd period - Riley Armstrong wins face-off versus Darren Helm in neutral zone.
14:32 of 2nd period - Darren Helm is hit by Reilly Smith and loses puck.
14:39 of 2nd period - Snap shot by Eric Wellwood.
14:39 of 2nd period - Shot Blocked by Darren Helm.
14:41 of 2nd period - Backhand shot by Eric Wellwood.
14:41 of 2nd period - Deflect By Reilly Smith.
14:41 of 2nd period - Shot Misses the Net.
14:41 of 2nd period - Puck is out of play.
14:42 of 2nd period - Darren Helm wins face-off versus Riley Armstrong in Demolitions zone.
15:36 of 2nd period - Slapshot by Marcus Foligno.
15:36 of 2nd period - Shot Misses the Net.
15:52 of 2nd period - Snap shot by Matt D'Agostini.
15:52 of 2nd period - Shot Hit the Post.
15:58 of 2nd period - Snap shot by Matt D'Agostini.
15:58 of 2nd period - Shot Misses the Net.
16:54 of 2nd period - Slapshot by Cameron Gaunce.
16:54 of 2nd period - Stopped by Jussi Rynnas without a rebound.
16:55 of 2nd period - Corban Knight wins face-off versus Rick Schofield in Demolitions zone.
17:37 of 2nd period - Minor Penalty to Joshua Leivo for Slashing.
17:38 of 2nd period - Darren Helm wins face-off versus Riley Armstrong in Mustangs zone.
19:32 of 2nd period - Doug Janik is hit by Denis Bodrov and loses puck.
19:37 of 2nd period - Penalty to Joshua Leivo is over, Joshua Leivo is back on ice.
19:55 of 2nd period - Slapshot by Corban Knight.
19:55 of 2nd period - Stopped by Peter Mannino without a rebound.
19:56 of 2nd period - Corban Knight wins face-off versus Jim O'Brien in Mustangs zone.
Goals for this period are 1 for Demolitions vs 2 for Mustangs.
Shots for this period are 10 for Demolitions vs 11 for Mustangs.
3rd period
0:01 of 3rd period - Darren Helm wins face-off versus Eric Wellwood in neutral zone.
0:04 of 3rd period - Riley Armstrong is hit by Doug Janik and loses puck.
0:22 of 3rd period - Icing by Riley Armstrong.
0:23 of 3rd period - Rick Schofield wins face-off versus Nicolas Blanchard in Mustangs zone.
0:53 of 3rd period - Off-side.
0:54 of 3rd period - Rick Schofield wins face-off versus Darren Helm in neutral zone.
1:32 of 3rd period - Ryan Vesce is hit by Cameron Gaunce and loses puck.
1:47 of 3rd period - Snap shot by Riley Nash.
1:47 of 3rd period - Shot Misses the Net.
1:49 of 3rd period - Snap shot by Joshua Leivo.
1:49 of 3rd period - Shot Blocked by Brendon Nash.
1:51 of 3rd period - Slapshot by Alexei Marchenko.
1:51 of 3rd period - Deflect By Joshua Leivo.
1:51 of 3rd period - Shot Misses the Net.
1:51 of 3rd period - Puck is out of play.
1:52 of 3rd period - Darren Helm wins face-off versus Riley Armstrong in Demolitions zone.
1:52 of 3rd period - Darren Helm is hit by Denis Bodrov.
2:40 of 3rd period - Slapshot by Ryan Vesce.
2:40 of 3rd period - Shot Misses the Net.
2:42 of 3rd period - Slapshot by Andrew Campbell.
2:42 of 3rd period - Deflect By Rick Schofield.
2:42 of 3rd period - Stopped by Peter Mannino without a rebound.
2:43 of 3rd period - Nigel Dawes wins face-off versus Rick Schofield in Mustangs zone.
2:50 of 3rd period - Wrist shot by Nigel Dawes.
2:50 of 3rd period - Shot Misses the Net.
3:20 of 3rd period - Snap shot by Ryan Vesce.
3:20 of 3rd period - Stopped by Peter Mannino without a rebound.
3:21 of 3rd period - Darren Helm wins face-off versus Riley Armstrong in Mustangs zone.
3:28 of 3rd period - Wrist shot by Riley Armstrong.
3:28 of 3rd period - Stopped by Jussi Rynnas without a rebound.
3:29 of 3rd period - Riley Armstrong wins face-off versus Darren Helm in Demolitions zone.
3:34 of 3rd period - Snap shot by Reilly Smith.
3:34 of 3rd period - Goal by Reilly Smith - Demolitions : 2 - Mustangs : 6.
3:35 of 3rd period - Darren Helm wins face-off versus Riley Armstrong in neutral zone.
4:03 of 3rd period - Wrist shot by Ryan Vesce.
4:03 of 3rd period - Stopped by Peter Mannino without a rebound.
4:04 of 3rd period - Rick Schofield wins face-off versus Nicolas Blanchard in Mustangs zone.
4:04 of 3rd period - Rick Schofield is hit by Seth Helgeson.
4:14 of 3rd period - David Rundblad is hit by Rick Schofield and loses puck.
4:21 of 3rd period - Wrist shot by Ryan Vesce.
4:21 of 3rd period - Shot Blocked by Denis Bodrov.
4:23 of 3rd period - Slapshot by Seth Helgeson.
4:23 of 3rd period - Shot Blocked by Jim O'Brien.
4:27 of 3rd period - Wrist shot by Nicolas Blanchard.
4:27 of 3rd period - Stopped by Peter Mannino without a rebound.
4:28 of 3rd period - Bobby Butler wins face-off versus Jim O'Brien in Mustangs zone.
4:29 of 3rd period - Snap shot by Nikolai Zherdev.
4:29 of 3rd period - Stopped by Peter Mannino without a rebound.
4:30 of 3rd period - Riley Armstrong wins face-off versus Bobby Butler in Mustangs zone.
4:39 of 3rd period - Wrist shot by Reilly Smith.
4:39 of 3rd period - Shot Blocked by Brendon Nash.
4:41 of 3rd period - Backhand shot by Alexei Marchenko.
4:41 of 3rd period - Stopped by Jussi Rynnas without a rebound.
4:42 of 3rd period - Darren Helm wins face-off versus Riley Armstrong in Demolitions zone.
4:57 of 3rd period - Wrist shot by Riley Armstrong.
4:57 of 3rd period - Stopped by Jussi Rynnas with a rebound.
5:07 of 3rd period - Cameron Gaunce is hit by Doug Janik and loses puck.
5:20 of 3rd period - Seth Helgeson is hit by Marcus Foligno and loses puck.
6:12 of 3rd period - Nikolai Zherdev is hit by Riley Armstrong and loses puck.
6:23 of 3rd period - Bobby Butler is hit by Reilly Smith and loses puck.
6:46 of 3rd period - Nicolas Blanchard is hit by Cameron Gaunce and loses puck.
7:05 of 3rd period - Snap shot by Matt D'Agostini.
7:05 of 3rd period - Goal by Matt D'Agostini - Demolitions : 3 - Mustangs : 6.
7:06 of 3rd period - Bobby Butler wins face-off versus Riley Armstrong in neutral zone.
7:19 of 3rd period - Snap shot by Reilly Smith.
7:19 of 3rd period - Stopped by Jussi Rynnas with a rebound.
7:21 of 3rd period - Snap shot by Eric Wellwood.
7:21 of 3rd period - Shot Misses the Net.
7:40 of 3rd period - Wrist shot by Jim O'Brien.
7:40 of 3rd period - Stopped by Jussi Rynnas with a rebound.
7:50 of 3rd period - Rick Schofield is hit by Bobby Butler and loses puck.
9:27 of 3rd period - Wrist shot by Riley Nash.
9:27 of 3rd period - Deflect By Joshua Leivo.
9:27 of 3rd period - Stopped by Jussi Rynnas with a rebound.
9:41 of 3rd period - Seth Helgeson is hit by Jerome Samson and loses puck.
9:56 of 3rd period - Jerome Samson is hit by Matt D'Agostini.
10:00 of 3rd period - Alexei Marchenko is hit by David Rundblad and loses puck.
10:23 of 3rd period - Snap shot by David Rundblad.
10:23 of 3rd period - Stopped by Peter Mannino with a rebound.
10:25 of 3rd period - Wrist shot by Matt D'Agostini.
10:25 of 3rd period - Goal by Matt D'Agostini - Demolitions : 4 - Mustangs : 6.
10:26 of 3rd period - Riley Armstrong wins face-off versus Darren Helm in neutral zone.
10:41 of 3rd period - Snap shot by Riley Armstrong.
10:41 of 3rd period - Stopped by Jussi Rynnas with a rebound.
11:14 of 3rd period - Nikolai Zherdev is hit by Scott Mayfield and loses puck.
11:21 of 3rd period - Snap shot by Jim O'Brien.
11:21 of 3rd period - Stopped by Jussi Rynnas with a rebound.
13:11 of 3rd period - Jerome Samson is hit by Darren Helm and loses puck.
14:29 of 3rd period - Bobby Butler is hit by Riley Armstrong and loses puck.
15:01 of 3rd period - Eric Wellwood is hit by Doug Janik and loses puck.
16:09 of 3rd period - Snap shot by Francis Paré.
16:09 of 3rd period - Shot Blocked by Nigel Dawes.
16:34 of 3rd period - Icing by Brandon Saad.
16:35 of 3rd period - Billy Sweat wins face-off versus Riley Armstrong in Mustangs zone.
17:35 of 3rd period - Billy Sweat is hit by Francis Paré and loses puck.
18:56 of 3rd period - Matt D'Agostini is hit by Eric Gryba and loses puck.
19:09 of 3rd period - Marcus Foligno is hit by Nikolai Zherdev and loses puck.
19:49 of 3rd period - Joshua Leivo is hit by Nikolai Zherdev and loses puck.
Goals for this period are 2 for Demolitions vs 1 for Mustangs.
Shots for this period are 8 for Demolitions vs 9 for Mustangs.
Back to the Top